 Dungeon Crawl Stone Soup version 0.27-a0-1084-g78b3836a5f (webtiles) character file.

Game seed: 11325902968295035986

585 porpoise the Sneak (level 7, -1/41 HPs)
             Began as an Octopode Earth Elementalist on Apr 27, 2021.
             Was a Follower of Vehumet.
             Killed from afar by Dowan (21 damage)
             ... with a shard of ice
             ... on level 5 of the Dungeon.
             The game lasted 00:16:21 (5955 turns).

porpoise the Sneak (Octopode Earth Elementalist)    Turns: 5955, Time: 00:16:26

Health: -1/41      AC:  1    Str:  7    XL:     7   Next: 37%
Magic:  2/14       EV: 17    Int: 20    God:    Vehumet [*.....]
Gold:   170        SH:  0    Dex: 12    Spells: 4/15 levels left

rFire    . . .     SeeInvis +   a - +0 dagger (drain)
rCold    . . .     Faith    .   (no shield)
rNeg     . . .     Spirit   .   (helmet restricted)
rPois    .         Reflect  .   (no amulet)
rElec    .         Harm     .   f - +4 ring of evasion
rCorr    .         Rampage  .   A - ring of see invisible
Will     .....                  (no ring)
Stlth    ++++......             (no ring)
HPRegen  0.13/turn              (no ring)
MPRegen  0.14/turn              (no ring)
                                (no ring)
                                (no ring)

@: no status effects
A: almost no armour, amphibious, 8 rings, camouflage 1, gelatinous body 1,
(nimble swimmer 1), tentacles
a: Renounce Religion


You were on level 5 of the Dungeon.
You worshipped Vehumet.
Vehumet was aware of your devotion.
You visited 1 branch of the dungeon, and saw 5 of its levels.

You collected 170 gold pieces.

Inventory:

Hand Weapons
 a - a +0 dagger of draining (weapon)
 b - a +0 hunting sling
 y - a +4 dagger of holy wrath
Missiles
 m - 8 boomerangs
 n - 17 sling bullets
 p - 6 poisoned darts
 v - 2 atropa-tipped darts
 w - 106 stones
Magical Staves
 r - a staff of air
Jewellery
 f - a +4 ring of evasion (left tentacle)
 A - a ring of see invisible (right tentacle)
Wands
 j - a wand of iceblast (11)
 l - a wand of flame (39)
Scrolls
 c - a scroll of holy word {unknown}
 e - a scroll of amnesia {unknown}
 g - 2 scrolls of teleportation
 h - a scroll of noise {unknown}
 o - 3 scrolls of blinking {unknown}
 x - 2 scrolls of magic mapping {unknown}
Potions
 d - 3 potions of curing
 i - a potion of mutation
 k - a potion of resistance {unknown}
 q - 2 potions of lignification
 s - 2 potions of brilliance
 t - 2 potions of might {unknown}
 u - a potion of berserk rage {unknown}
 z - a potion of flight {unknown}


   Skills:
 - Level 2.0 Dodging
 + Level 5.4 Stealth
 * Level 4.9 Spellcasting
 * Level 2.1 Conjurations
 - Level 1.0 Transmutations
 - Level 5.0 Earth Magic


You had 4 spell levels left.
You knew the following spells:

 Your Spells              Type           Power      Damage    Failure   Level
a - Sandblast             Erth           48%        2d12      1%          1
b - Searing Ray           Conj           26%        3d4       8%          2
c - Lee's Rapid Deconstr  Erth           12%        3d9*      38%         5
s - Stone Arrow           Conj/Erth      38%        3d9       9%          3

Your spell library contained the following spells:

 Spells                   Type           Power      Damage    Failure   Level
 Passwall                 Tmut/Erth      14%        N/A       4%          2
 Beastly Appendage        Tmut           18%        N/A       8%          1
 Freeze                   Ice            16%        1d4       12%         1
 Wereblood                Tmut           9%         N/A       12%         2
 Spider Form              Tmut/Pois      3%         N/A       28%         3
 Petrify                  Tmut/Erth      17%        N/A       32%         4
 Frozen Ramparts          Ice            8%         1d2       34%         3
 Ozocubu's Armour         Ice            4%         N/A       34%         3
 Hailstorm                Conj/Ice       9%         3d4       58%         4
 Ice Form                 Ice/Tmut       7%         N/A       67%         4
 Hydra Form               Tmut           4%         N/A       91%         5
 Metabolic Englaciation   Hex/Ice        2%         N/A       97%         5


Dungeon Overview and Level Annotations

Branches:
Dungeon (5/15)             Temple (0/1) D:4

Altars:
Vehumet

Annotations:
D:5 Dowan


Innate Abilities, Weirdness & Mutations

You cannot wear most types of armour.
You are amphibious.
You can wear up to eight rings at the same time.
Your skin changes colour to match your surroundings (Stealth+).
Your rubbery body absorbs attacks. (AC +1, EV +1)
((You are camouflaged near water. (Stealth+)))
You have tentacles for arms and can constrict up to eight enemies at once.


Message History

Okay, then.
Unknown command.
You barely miss Duvessa.
Duvessa is severely wounded.
Duvessa hits you but does no damage.
You closely miss Duvessa.
Duvessa is severely wounded.
Duvessa hits you but does no damage.
You hit Duvessa but do no damage. You drain Duvessa.
Duvessa is almost dead.
Duvessa hits you but does no damage.
You barely miss Duvessa.
Duvessa is almost dead.
Duvessa completely misses you.
You barely miss Duvessa.
Duvessa is almost dead.
Duvessa hits you but does no damage.
You barely miss Duvessa.
Duvessa is almost dead.
You feel less wooden. Duvessa closely misses you.
You barely miss Duvessa. You grab Duvessa.
Duvessa is almost dead.
You constrict Duvessa, but do no damage.
Duvessa hits you with a +0 short sword!
Casting: Sandblast (safe; 1% risk of failure)
Confirm with . or Enter, or press ? or * to list all spells.
Aiming: Sandblast (safe; 1% risk of failure)
Press: ? - help, Shift-Dir - straight line, f/p - Duvessa
Aim: Duvessa, wielding a +0 short sword and wearing a +2 leather armour of fire resistance (almost dead, constricted by you, lightly drained, 100% to hit)
The blast of sand hits Duvessa!
You kill Duvessa!
Vehumet accepts your kill.
You feel your power returning.
Dowan screams, "No!
No!"
Dowan seems to find hidden reserves of power!
Dowan gestures at you while chanting. The shard of ice hits you!!
Ouch! That really hurt!
You die...

#.....>##
##...............#
#......>#
##...........#..#
#.......##
###...........##
#........#
########..###
#......)## ##..##
##......# ##..##
##....## ###..##
####
##..###########...##
#..#
##..##(Ze)@......##
#<.#
#.....Z#######...##
#..## ##...####
##...###...# ##....#
##...##...# ##...Z##
##...#...# #.....#
##......#
#####.....# ##.....#
......#..## ##...##
###..##..# ##..##


You could see Dowan (fast), a bullfrog zombie and a wyvern zombie.

Vanquished Creatures
  Duvessa (D:5)
  A black bear (D:4)
  A scorpion (D:5)
  A water moccasin skeleton (D:4)
  3 orc priests
  A jelly (D:3)
  Natasha (D:4)
  An orc wizard (D:4)
  A hound skeleton (D:5)
  Robin (D:4)
  6 adders
  A worm (D:3)
  2 dart slugs (D:2)
  17 orcs
  5 ball pythons
  5 bats
  6 endoplasms
  2 giant cockroaches
  11 goblins
  8 hobgoblins
  21 jackals
  6 quokkas
  4 frilled lizards
  7 kobolds
  5 rats
118 creatures vanquished.

Notes
Turn   | Place    | Note
-------+----------+-------------------------------------------
     0 | D:1      | porpoise the Octopode Earth Elementalist began the quest
                  | for the Orb.
     0 | D:1      | Reached XP level 1. HP: 11/11 MP: 3/3
   410 | D:1      | Reached XP level 2. HP: 8/17 MP: 3/5
  1426 | D:1      | Reached XP level 3. HP: 21/21 MP: 6/6
  1430 | D:1      | Learned a level 3 spell: Stone Arrow
  1469 | D:1      | Found a faded altar of an unknown god.
  2315 | D:2      | Reached XP level 4. HP: 27/27 MP: 8/8
  2889 | D:3      | Found a radiant altar of Vehumet.
  2906 | D:3      | Became a worshipper of Vehumet
  3219 | D:3      | Reached XP level 5. HP: 31/31 MP: 9/9
  3607 | D:3      | Reached * piety under Vehumet
  3607 | D:3      | Offered knowledge of Shock by Vehumet.
  3615 | D:3      | Reached XP level 6. HP: 11/36 MP: 0/11
  4114 | D:4      | Noticed Robin
  4186 | D:4      | Found a staircase to the Ecumenical Temple.
  4564 | D:4      | Reached skill level 5 in Earth Magic
  4634 | D:4      | Learned a level 5 spell: Lee's Rapid Deconstruction
  4690 | D:4      | Killed Robin
  4803 | D:4      | Reached skill level 5 in Stealth
  4825 | D:4      | Offered knowledge of Searing Ray by Vehumet.
  4829 | D:4      | Learned a level 2 spell: Searing Ray
  4854 | D:4      | Noticed a black bear
  4861 | D:4      | Killed a black bear
  4861 | D:4      | Reached ** piety under Vehumet
  4862 | D:4      | Reached skill level 1 in Conjurations
  4862 | D:4      | Reached XP level 7. HP: 37/41 MP: 6/14
  5192 | D:4      | Noticed Natasha
  5198 | D:4      | Killed Natasha
  5594 | D:5      | Entered Level 5 of the Dungeon
  5916 | D:5      | Noticed Dowan
  5919 | D:5      | Noticed Duvessa
  5955 | D:5      | Killed Duvessa
  5955 | D:5      | Killed from afar by Dowan

Illustrated notes

Levels and vault maps discovered:
D:1:      dpeg_arrival_renting, layout_basic,
          shapermc_ecumenical_altar_mp_vishouse, minmay_heptomino_l4
D:2:      layout_loops_cross
D:3:      layout_loops_corners, vehumet_altar_wand_db
D:4:      layout_basic, minmay_temple_entry_drinking_statues, uniq_natasha,
          uniq_robin
D:5:      layout_cave_pods, hex_tiny, uniq_duvessa, uniq_pikel,
          uniq_crazy_yiuf_cottage

Skill      XL: |  1  2  3  4  5  6  7 |
---------------+----------------------+-----
Stealth        | 3 4 5 |  5.4
Spellcasting   | 3 4 |  4.9
Earth Magic    | 4 5 |  5.0
Conjurations   | 1 2 |  2.1
Dodging        | |  2.0
Transmutations | |  1.0

Action                   |  1- 3 |  4- 6 |  7- 9 || total
-------------------------+-------+-------+-------++-------
Melee: Unarmed           |    22 |       |       ||    22
       Tentacles         |    13 |    14 |       ||    27
       Constrict         |    17 |    28 |     1 ||    46
       Dagger            |    48 |   108 |     7 ||   163
 Fire: Hunting sling     |       |    32 |    20 ||    52
 Cast: Sandblast         |     9 |    43 |    20 ||    72
       Stone Arrow       |       |     1 |     3 ||     4
       Searing Ray       |       |     1 |       ||     1
  Use: Scroll            |       |     4 |     1 ||     5
       Potion            |       |       |     1 ||     1
 Stab: Sleeping          |     9 |     9 |       ||    18
Armor: Skin              |     3 |     7 |    16 ||    26
Dodge: Dodged            |    65 |   100 |    12 ||   177

Table legend: (Time is in decaauts)
 A = Elapsed time spent in this place.
 B = Non-inter-level travel time spent in this place.
 C = Inter-level travel time spent in this place.
 D = Time resting spent in this place.
 E = Time spent auto-exploring this place.
 F = Levels seen in this place.
 G = Mean time per level.
                   A        B        C        D        E       F      G
               +--------+--------+--------+--------+--------+-----+--------+
         Total |   5964 |   5628 |    336 |   2175 |   2608 |   5 | 1192.8 |
       Dungeon |   5964 |   5628 |    336 |   2175 |   2608 |   5 | 1192.8 |
               +--------+--------+--------+--------+--------+-----+--------+

Top non-repeatable levels by time:
     D:1: 1747 daAuts
     D:4: 1492 daAuts
     D:3: 1420 daAuts
     D:2: 989 daAuts
     D:5: 315 daAuts
